 Dungeon Crawl Stone Soup version 0.28.0-53-g5a82cb258f (console) character file.

Game seed: 13068666357325148939

295611 Hector the Sorcerer (level 21, 0/161 HPs)
             Began as a Djinni Cinder Acolyte on Oct 12, 2022.
             Was a High Priest of Ignis.
             Slain by an ancient champion
             ... wielding a +2 vorpal battleaxe
              (1 damage)
             ... on level 3 of the Vaults on Oct 13, 2022.
             The game lasted 04:22:56 (41699 turns).

Hector the Sorcerer (Djinni Cinder Acolyte)        Turns: 41699, Time: 04:22:56

Health: 0/161      AC: 17    Str: 17    XL:     21   Next: 78%
Gold:   3737       EV: 15    Int: 27    God:    Ignis [*****.] SH: 17 Dex: 10

rFire   + + +      SeeInvis .   b - staff of conjuration
rCold   + . .      Faith    .   l - +0 kite shield {AC+3}
rNeg    + . .      Spirit   .   d - +1 robe of Vines {NoPotionHeal Regen++++}
rPois   ∞          Reflect  +   h - +1 hat {Int+3}
rElec   +          Harm     .   e - +3 cloak of Hopscotch {*Corrode rN+ Will+}
rCorr   .          Rampage  .   g - +1 pair of gloves of Zosuxyun {Str+2 Stlth+}
Will    +++..                   (boots unavailable)
Stlth   ++++......              t - amulet of the Empire {Reflect rF+ rC+ Regen+ SH+5 Stlth+}
HPRegen 4.36/turn               A - +4 ring of protection
MPRegen 0.00/turn               I - ring "Arapat" {rElec rC+ Str+2 Int-2 Stlth+}

@: flying
A: sickness immunity, fire resistance 2, cold vulnerability 1, float, innate
caster, HP casting, extra vitality 1
}: 2/15 runes: serpentine, barnacled
a: Renounce Religion, Fiery Armour, Foxfire Swarm, Rising Flame


You were on level 3 of the Vaults.
You worshipped Ignis.
Ignis was extremely pleased with you.
You visited 6 branches of the dungeon, and saw 34 of its levels.
You visited 1 bazaar.
You also visited: Trove, Bailey and Ice Cave.

You collected 4034 gold pieces.
You spent 297 gold pieces at shops.

Inventory:

Hand Weapons
 a - a +6 trident of flaming
 c - the +9 mace "Hydrabane" {protect, Int+7}
   (You found it on level 1 of the Lair of Beasts)

   It grants its wielder temporary protection when it strikes (+7 to AC).
   Int:       It affects your intelligence (+7).
 G - a +4 trident of protection
 O - a +7 spear of venom
 Q - a +2 demon trident of electrocution
Missiles
 k - 10 throwing nets
 r - 9 boomerangs of dispersal
 E - 46 boomerangs
Armour
 d - the +1 robe of Vines (worn) {NoPotionHeal Regen++++}
   (You found it in a treasure trove)

   Its wearer cannot be healed by potions.
   Regen:     It increases your rate of health regeneration.
 e - the +3 cloak of Hopscotch (worn) {*Corrode rN+ Will+}
   (You found it in a treasure trove)

   rN:        It protects you from negative energy.
   *Corrode:  It may corrode you when you take damage.
   Will:      It increases your willpower.
 g - the +1 pair of gloves of Zosuxyun (worn) {Str+2 Stlth+}
   (You found it in a treasure trove)

   Str:       It affects your strength (+2).
   Stlth:     It makes you more stealthy.
 h - a +1 hat of intelligence (worn)
 i - a +0 tower shield of cold resistance
 l - a +0 kite shield of protection (worn)
Magical Staves
 b - a staff of conjuration (weapon)
 W - a staff of cold
Jewellery
 n - a ring of positive energy
 t - the amulet of the Empire (around neck) {Reflect rF+ rC+ Regen+ SH+5 Stlth+}
   (You acquired it in a bailey)

   [amulet of reflection]

   It reflects blocked missile attacks.
   rF:        It protects you from fire.
   rC:        It protects you from cold.
   Regen:     It increases your rate of health regeneration.
   SH:        It affects your SH (+5).
   Stlth:     It makes you more stealthy.
 w - a ring of resist corrosion
 A - a +4 ring of protection (left hand)
 C - a ring of protection from cold
 I - the ring "Arapat" (right hand) {rElec rC+ Str+2 Int-2 Stlth+}
   (You found it on level 6 of the Lair of Beasts)

   [ring of protection from cold]

   Str:       It affects your strength (+2).
   Int:       It affects your intelligence (-2).
   rC:        It protects you from cold.
   rElec:     It insulates you from electricity.
   Stlth:     It makes you more stealthy.
Wands
 y - a wand of acid (23)
 D - a wand of digging (6)
 J - a wand of iceblast (35)
 N - a wand of polymorph (6)
 R - a wand of flame (45)
Scrolls
 f - 7 scrolls of identify
 m - a scroll of magic mapping
 p - 3 scrolls of holy word
 s - 3 scrolls of blinking
 v - 6 scrolls of fog
 B - 2 scrolls of enchant armour
 F - 2 scrolls of fear
 H - a scroll of brand weapon
 K - 18 scrolls of teleportation
 L - a scroll of silence
 M - a scroll of enchant weapon
Potions
 j - 8 potions of brilliance
 o - 19 potions of curing
 u - 6 potions of haste
 x - 4 potions of invisibility
 z - 2 potions of ambrosia
 S - 3 potions of berserk rage
 U - 5 potions of might
Miscellaneous
 q - a phial of floods
 X - a box of beasts


   Skills:
 * Level 17.6 Fighting
 - Level 3.6 Polearms
 - Level 4.0 Armour
 - Level 11.8 Dodging
 * Level 13.8 Shields
 + Level 21.6 Spellcasting


You had 15 spell levels left.
You knew the following spells:

 Your Spells              Type           Power      Damage    Failure   Level
a - Shock                 Conj/Air       100%       1d9       0%          1
b - Scorch                Fire           100%       2d10      0%          2
c - Corpse Rot            Necr/Air       100%       N/A       0%          2
d - Tukima's Dance        Hex            98%        N/A       0%          3
e - Starburst             Conj/Fire      60%        6d16      1%          6
g - Malign Gateway        Summ/Tloc      49%        N/A       1%          7
h - Summon Hydra          Summ           49%        N/A       1%          7
l - Lightning Bolt        Conj/Air       60%        1d83      0%          5
m - Iskenderun's Mystic   Conj/Tloc      100%       2d19      0%          4
o - Orb of Destruction    Conj           60%        9d15      1%          7
A - Anguish               Hex/Necr       49%        N/A       0%          4
Your spell library was empty.

Dungeon Overview and Level Annotations

Branches:
Dungeon (15/15)            Temple (0/1) D:5            Lair (6/6) D:11
 Shoals (4/4) Lair:2        Snake (4/4) Lair:2        Slime (0/5) Lair:5
    Orc (2/2) D:12            Elf (0/3) Orc:2        Vaults (3/5) D:14
 Depths (0/4) D:15         Bailey (visited)           IceCv (visited)
  Crypt: Vaults:2-3

Altars:
Fedhas
Makhleb
Zin
Beogh
Lugonu

Shops:
D:4 *   D:7 :   Orc:2 :*([   Snake:1 [   Snake:3 [

Portals:
Abyss: Lair:6

Annotations:
Vaults:2 3 runed translucent doors, Getoffmy's ghost, veteran GrFi


Innate Abilities, Weirdness & Mutations

You are immune to sickness and miasma.
You are immune to poison.
Your flesh is very heat resistant. (rF++)
You are vulnerable to cold. (rC-)
You float through the air rather than walking.
You learn spells naturally, not from books.
Your magical power is your life essence.
You have superior vitality. (+4 MHP)


Message History

You block the ancient champion's attack.
Casting: Iskenderun's Mystic Blast (safe; 0% risk of failure)
Confirm with . or Enter, or press ? or * to list all spells.
You feel a surge of power!
You erupt in a blast of force!
The mystic blast hits the ancient champion!
The ancient champion is moderately damaged.
The ancient champion is knocked back by the mystic blast.
* * * LOW HITPOINT WARNING * * *
Casting: Iskenderun's Mystic Blast (safe; 0% risk of failure)
Confirm with . or Enter, or press ? or * to list all spells.
Casting: Starburst (safe; 1% risk of failure)
Press: ? - help, Dir - look around, f - activate You feel a surge of power!
The bolt of fire hits the ancient champion!!!
The ancient champion is almost destroyed.
The bolt of fire hits the ancient champion!!!
You destroy the ancient champion!
* * * LOW HITPOINT WARNING * * *
A vault warden comes into view. It is wielding a +0 glaive of venom.
Your life force feels restored.
Unknown command.
Casting: Starburst (safe; 1% risk of failure)
Confirm with . or Enter, or press ? or * to list all spells.
Casting: Starburst (safe; 1% risk of failure)
Press: ? - help, Dir - look around, f - activate You feel a surge of power!
The bolt of fire misses the ancient champion.
* * * LOW HITPOINT WARNING * * *
Unknown command.
Casting: Starburst (safe; 1% risk of failure)
Confirm with . or Enter, or press ? or * to list all spells.
You feel a surge of power!
You erupt in a blast of force!
The mystic blast hits the ancient champion but does no damage.
The ancient champion is almost destroyed.
* * * LOW HITPOINT WARNING * * *
The vault warden activates a sealing rune.
The doors slam shut!
The ancient champion hits you with a +2 vorpal battleaxe!!
* * * LOW HITPOINT WARNING * * *
You die...

####......#..........# ##
#......+..........# .#
#......#..........# .#
#......#..........####
)###......#..........#...
#.##......#..........#.#
.#
...)......#..........#.#.#
...########.....z)...#..#
...# #.)...@..))+.# #[##
#..........#[# .##
#..........#..... .#
#..........###### .#
#..........# ##
#..........# ##### #
#........p.# #.... ##
#..........# +.... .##
#....


You could see a vault warden and an ancient champion (fast, anguished).

Vanquished Creatures
  Vashnia (Snake:4)
  Frances (D:14)
  Polyphemus (Shoals:3)
  An ancient champion (Vaults:3)
  A sphinx (Vaults:2)
  A tengu reaver (Vaults:2)
  A storm dragon (Shoals:4)
  Roxanne (D:14)
  Aizul (Snake:4)
  8 nagarajas (Snake:4)
  2 orc warlords
  8 vault wardens
  A war gargoyle (Vaults:2)
  11 ironbound preservers
  A very ugly thing (Vaults:2)
  8 ironbound thunderhulks
  Nessos (Lair:6)
  A stone giant (D:15)
  A vampire knight (Vaults:3)
  8 dire elephants
  A deep elf demonologist (Vaults:2)
  3 entropy weavers
  A deep elf death mage (Vaults:1)
  An eidolon (Vaults:3)
  4 crystal guardians
  An ettin (Orc:1)
  8 merfolk javelineers
  10 merfolk impalers
  7 yaktaur captains
  Josephine (Orc:1)
  A great orb of eyes (Vaults:3)
  2 salamander tyrants
  A catoblepas (shapeshifter) (Lair:6)
  9 naga warriors
  3 peacekeepers
  8 hydras
  5 vault guards (Vaults:1)
  6 ironbound frosthearts
  7 boulder beetles
  10 centaur warriors
  7 anacondas
  3 alligator snapping turtles (Shoals:4)
  4 catoblepae
  5 merfolk aquamancers
  A death knight (D:15)
  A satyr (Shoals:2)
  4 two-headed ogres
  14 death yaks
  2 large abominations (Lair:6)
  3 thrashing horrors (Lair:6)
  5 tengu warriors
  3 orc high priests
  A shock serpent (Snake:1)
  8 naga sharpshooters
  Sonja (Lair:6)
  6 salamander mystics
  A skeletal warrior (D:15)
  6 sea snakes
  29 deep trolls
  6 naga ritualists
  5 wizards
  5 lindwurms
  4 necromancers
  12 ironbound convokers
  10 orc knights
  12 harpies
  14 manticores
  A tengu zombie (Vaults:2)
  8 mana vipers
  9 orc sorcerers
  2 deep elf pyromancers
  23 ugly things
  A wolf spider (Lair:2)
  16 salamanders
  10 fauns
  9 elephants
  A sphinx skeleton (Vaults:2)
  3 cyclopes
  7 merfolk sirens
  38 black mambas
  Maurice (D:8)
  11 guardian serpents
  3 ice statues (IceCv)
  10 vault sentinels
  11 water nymphs
  A black mamba (shapeshifter) (D:14)
  15 naga magi
  3 smoke demons (Lair:6)
  A gargoyle (D:9)
  10 cane toads
  Maggie (D:9)
  4 rime drakes
  10 komodo dragons
  3 kobold demonologists
  18 yaktaurs
  An ancient zyme (Lair:6)
  A tengu conjurer (D:9)
  An anaconda simulacrum (IceCv)
  3 ice devils (Lair:1)
  An entropy weaver simulacrum (IceCv)
  2 freezing wraiths
  A yaktaur skeleton (Vaults:1)
  36 merfolk
  8 trolls
  5 polar bears
  A tarantella (Vaults:3)
  18 blink frogs
  6 wind drakes
  14 dream sheep
  18 slime creatures
  9 snapping turtles
  An ettin zombie (Vaults:2)
  2 jumping spiders (Lair:2)
  A vampire (D:13)
  A culicivora (Vaults:2)
  30 water elementals
  3 wyverns
  48 yaks
  A spriggan (Lair:6)
  A dire elephant simulacrum (IceCv)
  2 air elementals (Shoals:4)
  2 ynoxinuls (Lair:6)
  13 basilisks
  Grum (D:8)
  7 small abominations (Lair:6)
  5 wraiths
  2 redbacks
  A chaos spawn (Lair:6)
  14 vampire mosquitoes
  2 death yak simulacra (IceCv)
  3 wargs
  34 nagas
  3 acid dragons
  18 water moccasins
  2 ice beasts
  51 orc warriors
  3 sky beasts
  A black bear (D:11)
  A necrophage (D:8)
  5 boggarts (Vaults:1)
  A human zombie (Vaults:1)
  10 ogres
  23 wolves
  2 centaurs
  A phantom (D:7)
  5 kobold brigands
  Blork the orc (D:5)
  8 bullfrogs
  3 human skeletons
  A two-headed ogre simulacrum (Lair:1)
  3 scorpions
  11 killer bees
  A water moccasin skeleton (D:6)
  3 howler monkeys (D:11)
  3 electric eels
  A lava snake (Lair:2)
  9 centaur zombies
  A hound (D:5)
  A jelly (D:5)
  30 orc priests
  A centaur skeleton (D:5)
  12 hell rats
  Terence (D:3)
  Natasha (thrice) (D:2)
  28 orc wizards
  A killer bee zombie (D:5)
  7 polar bear simulacra
  3 yak simulacra (Lair:3)
  3 wolf simulacra
  A howler monkey zombie (D:9)
  14 gnolls
  A naga simulacrum (Lair:1)
  6 adders
  2 white imps
  An ufetubus (D:6)
  An adder skeleton (D:4)
  6 worms
  3 dart slugs
  82 orcs
  4 endoplasms
  2 giant cockroaches
  12 goblins
  4 hobgoblins
  3 jackals (D:2)
  5 quokkas
  12 ball pythons
  6 bats
  4 frilled lizards
  23 kobolds
  3 rats (D:1)
  3 river rat simulacra (Lair:3)
  A fungus (Lair:6)
1309 creatures vanquished.

Vanquished Creatures (collateral kills)
  A dire elephant (Vaults:3)
  A glowing orange brain (Vaults:3)
  An ironbound convoker (Vaults:3)
  7 slime creatures (Vaults:3)
  An orc wizard (D:7)
11 creatures vanquished.

Vanquished Creatures (others)
  An eldritch tentacle (Vaults:3)
  A merfolk javelineer (Shoals:4)
  Erica (D:8)
  A manticore (D:15)
  A hornet (D:7)
  2 dancing weapons
  2 killer bees (D:8)
  47 fungi
  81 plants
137 creatures vanquished.

Grand Total: 1457 creatures vanquished

Notes
Turn   | Place    | Note
-------+----------+-------------------------------------------
     0 | D:1      | Hector the Djinni Cinder Acolyte began the quest for the
                  | Orb.
     0 | D:1      | Reached XP level 1. HP: 20/20 MP: 0/0
     7 | D:1      | Found a faded altar of an unknown god.
   216 | D:1      | Reached XP level 2. HP: 25/25 MP: 0/0
   663 | D:1      | Reached XP level 3. HP: 26/30 MP: 0/0
   663 | D:1      | Learned a level 1 spell: Shock
   788 | D:1      | Reached skill level 1 in Dodging
  1880 | D:2      | Reached skill level 3 in Spellcasting
  1880 | D:2      | Reached XP level 4. HP: 21/37 MP: 0/0
  2238 | D:2      | Noticed Natasha
  2462 | D:2      | Killed Natasha
  2606 | D:2      | Noticed Natasha
  2609 | D:2      | Killed Natasha
  2610 | D:2      | Reached XP level 5. HP: 36/41 MP: 0/0
  2610 | D:2      | Learned a level 2 spell: Corpse Rot
  2774 | D:2      | Noticed Natasha
  2780 | D:2      | Killed Natasha
  3044 | D:3      | Noticed Terence
  3053 | D:3      | Killed Terence
  3220 | D:3      | Reached XP level 6. HP: 45/47 MP: 0/0
  3263 | D:3      | Reached skill level 4 in Spellcasting
  4049 | D:4      | Found Ciatox's General Store.
  4057 | D:4      | Bought a scroll of blinking for 105 gold pieces
  4105 | D:4      | Noticed an ogre
  4114 | D:4      | Killed an ogre
  4115 | D:4      | Reached XP level 7. HP: 50/53 MP: 0/0
  4115 | D:4      | Learned a level 3 spell: Tukima's Dance
  4260 | D:4      | HP: 2/53 [orc priest/nerve-wracking pain (13)]
  4601 | D:5      | Entered Level 5 of the Dungeon
  4644 | D:5      | Reached skill level 5 in Spellcasting
  4718 | D:5      | Noticed Blork the orc
  4731 | D:5      | Killed Blork the orc
  4952 | D:5      | Found a staircase to the Ecumenical Temple.
  5013 | D:5      | Reached XP level 8. HP: 54/58 MP: 0/0
  5110 | D:5      | Found a burning altar of Makhleb.
  5149 | D:5      | Reached skill level 5 in Fighting
  5268 | D:5      | Reached skill level 6 in Spellcasting
  6176 | D:7      | Found a flagged portal.
  6233 | Bailey   | Entered a bailey
  6268 | Bailey   | Reached XP level 9. HP: 60/65 MP: 0/0
  6268 | Bailey   | Learned a level 4 spell: Anguish
  6325 | Bailey   | Reached skill level 7 in Spellcasting
  6468 | Bailey   | Reached skill level 5 in Dodging
  6486 | Bailey   | Acquired the amulet of the Empire {Reflect rF+ rC+ Regen+
                  | SH+5 Stlth+}
  6750 | Bailey   | Found an iron altar of Okawaru.
  6751 | Bailey   | Noticed a kobold demonologist
  6758 | Bailey   | Noticed a soul eater
  6760 | Bailey   | Noticed an orc sorcerer
  6806 | Bailey   | Killed an orc sorcerer
  6807 | Bailey   | Reached skill level 8 in Spellcasting
  6812 | Bailey   | Killed a kobold demonologist
  6813 | Bailey   | Reached XP level 10. HP: 70/73 MP: 0/0
  7245 | D:7      | Reached skill level 9 in Spellcasting
  7422 | D:7      | Found a runed translucent door.
  7502 | D:7      | Found Xoph's Book Boutique.
  7942 | D:8      | Noticed Maurice
  7942 | D:8      | Noticed Grum
  7943 | D:8      | Noticed Erica
  8035 | D:8      | Killed Grum
  8329 | D:8      | Killed Erica
  8330 | D:8      | Reached XP level 11. HP: 54/79 MP: 0/0
  8330 | D:8      | Learned a level 4 spell: Iskenderun's Mystic Blast
  8635 | D:8      | Reached skill level 10 in Spellcasting
  8718 | D:8      | Killed Maurice
  8919 | D:9      | Noticed a two-headed ogre
  8992 | D:9      | Noticed Maggie
  9036 | D:9      | Killed Maggie
  9223 | D:9      | Reached skill level 1 in Shields
  9255 | D:9      | Reached skill level 1 in Armour
  9591 | D:9      | Killed a two-headed ogre
 10068 | D:9      | Noticed a two-headed ogre
 10071 | D:9      | Reached skill level 11 in Spellcasting
 10073 | D:9      | Killed a two-headed ogre
 10158 | D:10     | Entered Level 10 of the Dungeon
 10174 | D:10     | Reached XP level 12. HP: 66/87 MP: 0/0
 11548 | D:11     | Found a staircase to the Lair.
 11853 | D:11     | Noticed a centaur warrior
 11861 | D:11     | Killed a centaur warrior
 12059 | D:11     | Reached skill level 12 in Spellcasting
 12401 | Lair:1   | Entered Level 1 of the Lair of Beasts
 12528 | Lair:1   | You are sucked into a shaft and drop 1 floor!
 12632 | Lair:1   | Reached XP level 13. HP: 90/94 MP: 0/0
 12632 | Lair:1   | Learned a level 5 spell: Lightning Bolt
 12647 | Lair:1   | Identified the +9 mace "Hydrabane" {protect, Int+7}
 13564 | Lair:2   | Noticed a four-headed hydra
 13571 | Lair:2   | Killed a four-headed hydra
 13621 | Lair:2   | Found a runed translucent door.
 13757 | Lair:2   | Noticed an eight-headed hydra
 13766 | Lair:2   | Killed an eight-headed hydra
 13767 | Lair:2   | Reached skill level 13 in Spellcasting
 13859 | Lair:2   | Found a staircase to the Snake Pit.
 14183 | Lair:2   | Found a staircase to the Shoals.
 14440 | Lair:2   | Found a runed translucent gate.
 14440 | Lair:2   | Noticed a boulder beetle
 14445 | Lair:2   | Found a runed translucent gate.
 14446 | Lair:2   | Found a runed translucent gate.
 14446 | Lair:2   | Found a runed translucent gate.
 14446 | Lair:2   | Found a runed translucent gate.
 14446 | Lair:2   | Noticed a boulder beetle
 14447 | Lair:2   | Found a runed translucent gate.
 14464 | Lair:2   | Killed a boulder beetle
 14465 | Lair:2   | Killed a boulder beetle
 14490 | Lair:2   | Identified the ring of Gocafoech {MP+9 Int+4}
 14994 | Lair:3   | Reached skill level 10 in Fighting
 15364 | Lair:3   | Reached skill level 10 in Dodging
 15365 | Lair:3   | Reached XP level 14. HP: 84/103 MP: 0/0
 15376 | Lair:3   | Reached skill level 14 in Spellcasting
 17448 | Lair:5   | Found a staircase to the Slime Pits.
 17923 | Lair:6   | Entered Level 6 of the Lair of Beasts
 17923 | Lair:6   | Found a glowing silver altar of Zin.
 17967 | Lair:6   | Reached skill level 15 in Spellcasting
 18251 | Lair:6   | Reached XP level 15. HP: 93/110 MP: 0/0
 18251 | Lair:6   | Learned a level 6 spell: Starburst
 18295 | Lair:6   | Noticed Nessos
 18307 | Lair:6   | Killed Nessos
 18658 | Lair:6   | Noticed Sonja
 18662 | Lair:6   | Killed Sonja
 19465 | Lair:6   | Reached skill level 16 in Spellcasting
 19522 | Lair:6   | Found a corrupted altar of Lugonu.
 19522 | Lair:6   | Found a one-way gate to the infinite horrors of the Abyss.
 19531 | Lair:6   | Identified the +0 robe of the Monkey {rC+ Stlth+}
 19536 | Lair:6   | Identified the ring "Arapat" {rElec rC+ Str+2 Int-2 Stlth+}
 19606 | Lair:6   | Identified the +5 lajatang "Voaxkysch" {vamp, *Slow rElec
                  | rN+ Dex+5}
 20182 | Lair:6   | Identified the +0 chain mail "Haczau" {rF+ rCorr Str+2
                  | SInv}
 20579 | Lair:6   | Found a glowing silver altar of Zin.
 20987 | Lair:6   | Found a corrupted altar of Lugonu.
 20987 | Lair:6   | Found a one-way gate to the infinite horrors of the Abyss.
 21525 | D:12     | Found a staircase to the Orcish Mines.
 21553 | D:12     | Found a flickering gateway to a bazaar.
 21565 | Bazaar   | Entered a bazaar
 21579 | Bazaar   | Found Unaawn's Weapon Emporium.
 21594 | Bazaar   | Found Lifid's Jewellery Emporium.
 21609 | Bazaar   | Found Hylear's Magic Scroll Shoppe.
 21613 | Bazaar   | Bought a scroll of identify for 22 gold pieces
 21613 | Bazaar   | Bought a scroll of teleportation for 33 gold pieces
 21613 | Bazaar   | Bought a scroll of fear for 38 gold pieces
 21613 | Bazaar   | Bought a scroll of teleportation for 33 gold pieces
 21613 | Bazaar   | Bought 2 scrolls of fog for 44 gold pieces
 21613 | Bazaar   | Bought a scroll of identify for 22 gold pieces
 21682 | D:12     | Found a frozen archway.
 21688 | IceCv    | Entered an ice cave
 22541 | Orc:1    | Entered Level 1 of the Orcish Mines
 22642 | Orc:1    | Noticed Josephine
 22643 | Orc:1    | Killed Josephine
 22673 | Orc:1    | Reached skill level 5 in Shields
 22679 | Orc:1    | Reached XP level 16. HP: 75/118 MP: 0/0
 23610 | Orc:2    | Entered Level 2 of the Orcish Mines
 24556 | Orc:2    | Found Agoherim's Antique Armour Shop.
 24575 | Orc:2    | Found Hef Cyul's Antique Weapon Shop.
 24580 | Orc:2    | Found Keappoim's Book Shop.
 24651 | Orc:2    | Found Ijegek's General Store.
 24794 | Orc:2    | Found a staircase to the Elven Halls.
 25930 | D:13     | Found a portal to a secret trove of treasure.
 26501 | D:14     | Noticed Frances
 26701 | D:14     | Identified Roxanne's Disquisition on Clay
 26701 | D:14     | Noticed Roxanne
 26848 | D:14     | Found a gate to the Vaults.
 27008 | D:13     | You paid a toll of 6 scrolls of fear to enter a treasure
                  | trove
 27009 | Trove    | Entered a treasure trove
 27011 | Trove    | Found the +7 Kryia's mail coat {PotionHeal*2 rC+}
 27013 | Trove    | Found the +1 robe of Vines {NoPotionHeal Regen++++}
 27016 | Trove    | Identified the +5 ring mail of Pinezus {rElec rPois rC+}
 27018 | Trove    | Identified the -5 hat "Zueqo Lip" {Harm *Slow MP+9 Dex+3}
 27025 | Trove    | Identified the +0 hat "Motry" {Rampage}
 27034 | Trove    | Identified the +0 helmet "Juiwk" {rElec}
 27038 | Trove    | Identified the +3 cloak of Hopscotch {*Corrode rN+ Will+}
 27040 | Trove    | Identified the +3 scale mail of Vehumet's Respect {Slay+3}
 27042 | Trove    | Identified the +1 pair of gloves of Zosuxyun {Str+2 Stlth+}
 27048 | Trove    | Identified the +6 scale mail "Ypuuko" {Harm}
 27312 | D:14     | Killed Frances
 27741 | D:15     | Entered Level 15 of the Dungeon
 27758 | D:15     | Reached XP level 17. HP: 122/130 MP: 0/0
 27758 | D:15     | Learned a level 7 spell: Orb of Destruction
 28067 | D:15     | Found a staircase to the Depths.
 28433 | Snake:1  | Entered Level 1 of the Snake Pit
 28532 | Snake:1  | Found Papnau Culi's Armour Emporium.
 29428 | Snake:2  | Reached skill level 10 in Shields
 29865 | Snake:2  | Reached skill level 17 in Spellcasting
 30651 | Snake:3  | Reached skill level 15 in Fighting
 30780 | Snake:3  | Found Wastef's Armour Shoppe.
 30794 | Snake:3  | Identified the +1 robe of Midsummer {+Inv Fly rN+ Str+4}
 31469 | Snake:4  | Entered Level 4 of the Snake Pit
 31628 | Snake:4  | Reached XP level 18. HP: 124/138 MP: 0/0
 32183 | Snake:4  | Reached skill level 18 in Spellcasting
 32211 | Snake:4  | Noticed Aizul
 32221 | Snake:4  | Killed Aizul
 32293 | Snake:4  | Noticed Vashnia
 32314 | Snake:4  | Killed Vashnia
 32460 | Snake:4  | Got a serpentine rune of Zot
 32860 | D:14     | Killed Roxanne
 33009 | Shoals:1 | Entered Level 1 of the Shoals
 33592 | Shoals:1 | Reached XP level 19. HP: 144/145 MP: 0/0
 33592 | Shoals:1 | Learned a level 7 spell: Summon Hydra
 35134 | Shoals:3 | Noticed Polyphemus
 35136 | Shoals:3 | Reached skill level 19 in Spellcasting
 35167 | Shoals:3 | Killed Polyphemus
 36116 | Shoals:4 | Entered Level 4 of the Shoals
 36217 | Shoals:4 | Found a blossoming altar of Fedhas.
 36257 | Shoals:4 | Found a blossoming altar of Fedhas.
 36998 | Shoals:4 | Paralysed by an air elemental for 1 turns
 37459 | Shoals:4 | Reached XP level 20. HP: 132/153 MP: 0/0
 37480 | Shoals:4 | Got a barnacled rune of Zot
 37623 | Shoals:4 | Found a blossoming altar of Fedhas.
 37734 | Shoals:4 | Found a blossoming altar of Fedhas.
 38197 | Vaults:1 | Entered Level 1 of the Vaults
 38616 | Vaults:1 | Reached skill level 20 in Spellcasting
 39948 | Vaults:2 | Found a runed translucent gate.
 39948 | Vaults:2 | Found a runed translucent gate.
 39948 | Vaults:2 | Found a runed translucent gate.
 39948 | Vaults:2 | Noticed Getoffmy's ghost (veteran GrFi)
 40172 | Vaults:2 | You are sucked into a shaft and drop 1 floor!
 40261 | Vaults:2 | Reached XP level 21. HP: 109/160 MP: 0/0
 40261 | Vaults:2 | Learned a level 7 spell: Malign Gateway
 40438 | Vaults:2 | Reached skill level 21 in Spellcasting
 41699 | Vaults:3 | HP: 1/161 [ancient champion/+2 vorpal battleaxe (29)]
 41699 | Vaults:3 | Slain by an ancient champion

Illustrated notes

Levels and vault maps discovered:
D:1:      beargit_arrival_greenhouse, layout_rooms,
          dreamdust_ecumenical_altar_statues, roderic_st_hans_cross,
          grunt_decor_fettered, st_stairs_8, minmay_misc_feat_encased,
          minmay_crystal_room, chequers_serial_rivers_micro_e,
          hangedman_decor_points
D:2:      layout_loops_cross, minmay_fractal_squares_gapless_5, uniq_natasha
D:3:      layout_basic, nrook_loot_triangle, uniq_terence
D:4:      layout_basic, minmay_shop_grid_forest, minmay_cupped
D:5:      layout_basic, overflow_temple_1_default,
          minmay_temple_entry_gardened_gates, glass_columns_a,
          kennysheep_minor_cross, uniq_blork_the_orc
D:6:      layout_rooms, minivault_10
D:7:      layout_basic, enter_bailey_2, serial_shops, shop_statue,
          lightli_church_of_beogh
D:8:      layout_rooms, uniq_erica, uniq_maurice, uniq_grum
D:9:      wad_arrow_thing, layout_basic, serial_curves, eino_curves_02,
          eino_curves_01, uniq_maggie
D:10:     layout_loops_cross
D:11:     layout_loops_ring, minmay_lair_entry_grove,
          eino_small_chamber_without_monster, minivault_11, lightli_minifort
D:12:     layout_loops_cross, david_orc_3, serial_shops, bzr_entry_customers,
          portal_ice_cave_rime
D:13:     layout_cross, enter_trove_2
D:14:     layout_cave_pods, skrybe_vaults_entry_preservation,
          chequers_mini_garden, lemuel_old_faithful, uniq_frances, uniq_roxanne
D:15:     grunt_enter_depths_snipers, layout_rooms, minmay_tree_intersection
Lair:1:   dreamdust_isle_of_ice, layout_chaotic_city, lemuel_fruit_fields,
          lemuel_fruit_tree, grunt_megastairs_5
Lair:2:   gammafunk_indiana_jones, layout_chaotic_city, minmay_shoals_entry_hut,
          guppyfry_snake_entry_island, grunt_megastairs_1
Lair:3:   layout_big_grid, eino_house_with_fridge
Lair:4:   layout_regular_city
Lair:5:   layout_cave_pods, slime_dummy, patterned_corridor, grunt_megastairs_3
Lair:6:   hellmonk_lair_end_abyssal_woods, layout_cave_pods, basic_altar,
          uniq_nessos, uniq_sonja
Shoals:1: layout_shoals, nicolae_shoals_nymph_descending_staircase
Shoals:2: layout_shoals
Shoals:3: layout_shoals, uniq_polyphemus
Shoals:4: shoals_end_hellmonk_storm_palace [storm_palace_center_square,
          storm_palace_corner_grid, storm_palace_corner_altar,
          storm_palace_corner_altar, storm_palace_corner_blocked]
Snake:1:  layout_rooms, serial_shops, nicolae_shop_stone
Snake:2:  layout_chambers
Snake:3:  layout_cave_pods, serial_shops, shop, nicolae_snake_gridmaze_squiggle,
          st_stairs_13, hangedman_venom_bottle
Snake:4:  grunt_snake_rune_serpentine_throne, layout_rooms, grunt_ministairs_5,
          uniq_aizul
Orc:1:    orc_temple, layout_diamond_mine, uniq_josephine
Orc:2:    grunt_orc_cross, layout_diamond_mine
Vaults:1: v_alt_pattern_6, nicolae_vaults_hallways_thing, v_misc_29,
          hangedman_vaults_impose, v_misc_16, nicolae_vaults_diagonal_hallway_8,
          layout_vaults_omnigrid
Vaults:2: gammafunk_ghost_split, v_rooms_3, v_misc_5, v_misc_32,
          ontoclasm_vaults_chip, nicolae_vaults_big_angled_halls,
          vaults_dpeg_encased_lava, nicolae_vaults_windows_and_doors_thing,
          nicolae_vaults_circle_grid_b, vaults_dpeg_ring, v_pattern_5,
          st_diamondy, v_misc_23, nicolae_vaults_little_squares_1,
          vaults_dpeg_hooks, ontoclasm_vaults_ligature, grunt_vaults_focal,
          layout_vaults_maze_snakey
Vaults:3: minmay_crypt_entry_simple_box, vaults_standard_mumra_x,
          v_alt_pattern_3, vaults_mumra_hex, v_misc_2, nicolae_vaults_network_s,
          vaults_mumra_hexcomb, v_misc_33, nicolae_vaults_diagonal_hallway_8,
          st_lattice, v_misc_22, vaults_room_hallway, layout_vaults_omnicross

Skill      XL: |  1  2  3  4  5  6  7  8  9 10 11 12 13 14 15 16 17 18 19 20 21 |
---------------+----------------------------------------------------------------+-----
Dodging        | 1 2 3 4 5 7 8 10 11 | 11.8
Spellcasting   | 3 4 5 6 8 9 11 12 13 15 16 17 18 19 20 21 | 21.6
Fighting       | 4 5 6 7 8 9 10 11 12 14 15 16 17 | 17.6
Shields        | 2 4 5 9 10 11 12 13 | 13.8
Armour         | 2 4 |  4.0
Polearms       | 3 |  3.6

Action                   |  1- 3 |  4- 6 |  7- 9 | 10-12 | 13-15 | 16-18 | 19-21 || total
-------------------------+-------+-------+-------+-------+-------+-------+-------++-------
Melee: Spear             |    23 |       |       |       |       |       |       ||    23
       Unarmed           |       |       |       |     6 |       |       |       ||     6
       Staff             |       |       |       |       |    24 |     3 |     1 ||    28
       Punch             |       |       |       |       |     1 |       |       ||     1
 Cast: Scorch            |    19 |    39 |   108 |   164 |   131 |    12 |       ||   473
       Shock             |    47 |    65 |    74 |   207 |   177 |    52 |       ||   622
       Tukima's Dance    |       |       |     1 |     5 |     1 |       |       ||     7
       Anguish           |       |       |     1 |    26 |     3 |    18 |    16 ||    64
       Iskenderun's Myst |       |       |       |    86 |   117 |    79 |    75 ||   357
       Lightning Bolt    |       |       |       |       |   144 |   187 |    32 ||   363
       Starburst         |       |       |       |       |    56 |   124 |   117 ||   297
       Orb of Destructio |       |       |       |       |       |   185 |   318 ||   503
       Summon Hydra      |       |       |       |       |       |       |     2 ||     2
       Malign Gateway    |       |       |       |       |       |       |     1 ||     1
Invok: Fiery Armour      |       |       |       |     1 |       |       |       ||     1
Evoke: Wand              |       |       |     1 |       |       |       |       ||     1
  Use: Scroll            |       |     4 |     4 |    10 |    10 |     2 |       ||    30
       Potion            |       |       |     3 |       |       |       |       ||     3
Armor: Robe              |     8 |     2 |    16 |    47 |    13 |    29 |    23 ||   138
       Swamp dragon scal |       |       |       |    15 |    19 |       |       ||    34
Dodge: Dodged            |    11 |    11 |    22 |    97 |    43 |    45 |    53 ||   282
Block: Other             |       |       |     4 |    28 |    15 |       |       ||    47
       Reflection        |       |       |       |     3 |     4 |    53 |    39 ||    99
       Tower shield      |       |       |       |       |     3 |    22 |       ||    25
       Kite shield       |       |       |       |       |       |    73 |    84 ||   157
